MWL (24 & UNDER)
WISCONSIN RAPIDS RANGERS @ CINCINNATI PRIDE
04/06/2027
 
TOP OF THE 1ST
Wisconsin Rapids Rangers batting - Pitching for Cincinnati Pride : RHP José Bruschy
Pitching: RHP José Bruschy
Batting: RHB Eric Thompson 0-0: Ball
1-0: Ground out 5-3 (Groundball, 56S)
Batting: LHB Ramón Córdova 0-0: Called Strike
0-1: Swinging Strike
0-2: Ball
1-2: Foul Ball, location: 2F
1-2: Foul Ball, location: 2F
1-2: Fly out, F8 (Flyball, 89D)
Batting: RHB Jesús Cabrera 0-0: Called Strike
0-1: Ball
1-1: Fly out, F4 (Line Drive, 4M)
Top of the 1st over - 0 run(s), 0 hit(s), 0 error(s), 0 left on base; Wisconsin Rapids 0 - Cincinnati 0
BOTTOM OF THE 1ST
Cincinnati Pride batting - Pitching for Wisconsin Rapids Rangers : RHP Juan Contreras
Pitching: RHP Juan Contreras
Batting: SHB Jaime Martínez 0-0: Ball
1-0: Ball
2-0: Ball
3-0: Called Strike
3-1: Base on Balls
Batting: RHB Jorge Flores 0-0: Ball
Wild Pitch!
Jaime Martínez to second
1-0: Called Strike
1-1: Foul Ball, location: 2F
1-2: Strikes out swinging
Batting: RHB Roger Rush 0-0: Called Strike
0-1: Ball
Jaime Martínez steals 3rd base
1-1: Ball
2-1: Swinging Strike
2-2: Ball
3-2: Strikes out swinging
Batting: RHB José Antonio Delgado 0-0: Called Strike
0-1: Ball
1-1: Ground out U3 (Groundball, 34)
Bottom of the 1st over - 0 run(s), 0 hit(s), 0 error(s), 1 left on base; Wisconsin Rapids 0 - Cincinnati 0
TOP OF THE 2ND
Wisconsin Rapids Rangers batting - Pitching for Cincinnati Pride : RHP José Bruschy
Batting: LHB Jeff Forsyth 0-0: Ball
1-0: Ball
2-0: Fly out, F8 (Line Drive, 8RM)
Batting: LHB Luis Rodríguez 0-0: Called Strike
0-1: DOUBLE (Line Drive, 7LM)
Batting: RHB Aurelio Cruz 0-0: Ball
1-0: Ball
2-0: Called Strike
2-1: Ball
3-1: Swinging Strike
3-2: Ground out 3-1 (Groundball, 34)
Luis Rodríguez to third
Batting: RHB António Martínez 0-0: Ball
1-0: Swinging Strike
1-1: Foul Ball, location: 2F
1-2: Ball
2-2: Strikes out looking
Top of the 2nd over - 0 run(s), 1 hit(s), 0 error(s), 1 left on base; Wisconsin Rapids 0 - Cincinnati 0
BOTTOM OF THE 2ND
Cincinnati Pride batting - Pitching for Wisconsin Rapids Rangers : RHP Juan Contreras
Batting: RHB Keith Sheehan 0-0: Ball
1-0: Foul Ball, location: 2F
1-1: Foul Ball, location: 2F
1-2: Strikes out swinging
Batting: RHB Gary Miller 0-0: Swinging Strike
0-1: Swinging Strike
0-2: Ball
1-2: Ball
2-2: Strikes out swinging
Batting: RHB Francis Land 0-0: DOUBLE (Flyball, 78D)
Batting: RHB Dave Crawford 0-0: Ball
1-0: Reached on error, E5 (Groundball, 56S)
Francis Land to third
Batting: RHB Elliott Horn 0-0: Foul Ball, location: 2F
0-1: Ball
1-1: Ball
2-1: Called Strike
2-2: Fielders Choice at 2nd, 6-4 (Groundball, 6)
Bottom of the 2nd over - 0 run(s), 1 hit(s), 1 error(s), 1 left on base; Wisconsin Rapids 0 - Cincinnati 0
TOP OF THE 3RD
Wisconsin Rapids Rangers batting - Pitching for Cincinnati Pride : RHP José Bruschy
Batting: RHB Miguel Toro 0-0: Called Strike
0-1: Foul Ball, location: 2F
0-2: Ball
1-2: Foul Ball, location: 2F
1-2: SINGLE (Line Drive, 34D)
Batting: LHB Ralph Cobb 0-0: Called Strike
Miguel Toro steals 2nd base
0-1: Ball
1-1: Ball
2-1: Fly out, F8 (Flyball, 8LS)
Batting: RHB Eric Thompson 0-0: Ball
1-0: Ball
2-0: Called Strike
2-1: Ball
3-1: Base on Balls
Batting: LHB Ramón Córdova 0-0: Ball
Wild Pitch!
Miguel Toro to third
Eric Thompson to second
1-0: Foul Ball, location: 2F
1-1: Foul Ball, location: 2F
1-2: Strikes out swinging
Batting: RHB Jesús Cabrera 0-0: SINGLE (Line Drive, 8LS)
Miguel Toro scores
Eric Thompson to third
Runner from 3rd tries for Home, SAFE, no throw
Batting: LHB Jeff Forsyth 0-0: Ball
1-0: Fielders Choice at 2nd, 6-4 (Groundball, 6)
Top of the 3rd over - 2 run(s), 2 hit(s), 0 error(s), 0 left on base; Wisconsin Rapids 2 - Cincinnati 0
BOTTOM OF THE 3RD
Cincinnati Pride batting - Pitching for Wisconsin Rapids Rangers : RHP Juan Contreras
Batting: SHB Jaime Martínez 0-0: Called Strike
0-1: Ball
1-1: Swinging Strike
1-2: Ball
2-2: Ball
3-2: Strikes out swinging
Batting: RHB Jorge Flores 0-0: Called Strike
0-1: Swinging Strike
0-2: Strikes out swinging
Batting: RHB Roger Rush 0-0: Ground out 6-3 (Groundball, 6)
Bottom of the 3rd over - 0 run(s), 0 hit(s), 0 error(s), 0 left on base; Wisconsin Rapids 2 - Cincinnati 0
TOP OF THE 4TH
Wisconsin Rapids Rangers batting - Pitching for Cincinnati Pride : RHP José Bruschy
Batting: LHB Luis Rodríguez 0-0: Ball
1-0: Called Strike
1-1: Ball
2-1: Ball
3-1: Base on Balls
Batting: RHB Aurelio Cruz 0-0: SINGLE (Groundball, 6MD)
Luis Rodríguez to second
Batting: RHB António Martínez 0-0: Called Strike
0-1: Called Strike
0-2: SINGLE (Line Drive, 8LS)
Luis Rodríguez to third
Aurelio Cruz to second
Batting: RHB Miguel Toro 0-0: Swinging Strike
0-1: Ball
Passed Ball!
Luis Rodríguez scores
Aurelio Cruz to third
António Martínez to second
1-1: Ball
2-1: Ball
3-1: Swinging Strike
3-2: Foul Ball, location: 2F
3-2: Base on Balls
Batting: LHB Ralph Cobb 0-0: Called Strike
0-1: Foul Ball, location: 2F
0-2: Strikes out looking
Batting: RHB Eric Thompson 0-0: Ball
1-0: Called Strike
1-1: SINGLE (Groundball, 56D)
Aurelio Cruz scores
António Martínez to third
Miguel Toro to second
Runner from 3rd tries for Home, SAFE, throw made home
Miguel Toro to third
Eric Thompson to second
Batting: LHB Ramón Córdova 0-0: Ball
1-0: Called Strike
1-1: Foul Ball, location: 2F
1-2: SINGLE (Groundball, 5D)
Miguel Toro scores
Eric Thompson to third
Runner from 3rd tries for Home, throw and OUT!
Ramón Córdova to second
Pitching: RHP Basilio Bea
Batting: RHB Jesús Cabrera 0-0: SINGLE (Line Drive, 56D)
Ramón Córdova to third
Runner from 3rd tries for Home, SAFE, no throw
Batting: LHB Jeff Forsyth 0-0: Ball
Jesús Cabrera steals 2nd base
1-0: Ball
2-0: Ball
3-0: Base on Balls
Batting: LHB Luis Rodríguez 0-0: Fly out, F9 (Line Drive, 9)
Top of the 4th over - 5 run(s), 5 hit(s), 0 error(s), 2 left on base; Wisconsin Rapids 7 - Cincinnati 0
BOTTOM OF THE 4TH
Cincinnati Pride batting - Pitching for Wisconsin Rapids Rangers : RHP Juan Contreras
Batting: RHB José Antonio Delgado 0-0: Ball
1-0: Ball
2-0: Called Strike
2-1: Foul Ball, location: 2F
2-2: Strikes out swinging
Batting: RHB Keith Sheehan 0-0: Ball
1-0: Ball
2-0: SINGLE (Flyball, 4MD)
Batting: RHB Gary Miller 0-0: Foul Ball, location: 2F
0-1: Foul Ball, location: 2F
0-2: Strikes out swinging
Batting: RHB Francis Land 0-0: Ball
1-0: Swinging Strike
1-1: Ball
Wild Pitch!
Keith Sheehan to second
2-1: Swinging Strike
2-2: Ball
3-2: Base on Balls
Batting: RHB Dave Crawford 0-0: Called Strike
0-1: Ball
1-1: Ball
2-1: Ball
3-1: Swinging Strike
3-2: Strikes out swinging
Bottom of the 4th over - 0 run(s), 1 hit(s), 0 error(s), 2 left on base; Wisconsin Rapids 7 - Cincinnati 0
TOP OF THE 5TH
Wisconsin Rapids Rangers batting - Pitching for Cincinnati Pride : RHP Basilio Bea
Batting: RHB Aurelio Cruz 0-0: Called Strike
0-1: SINGLE (Groundball, 56S) (infield hit)
Batting: RHB António Martínez 0-0: Called Strike
0-1: Called Strike
0-2: Fielders Choice at 2nd, 3-6 (Groundball, 3)
Batting: RHB Miguel Toro 0-0: Grounds into double play, 5-4-3 (Groundball, 5)
Top of the 5th over - 0 run(s), 1 hit(s), 0 error(s), 0 left on base; Wisconsin Rapids 7 - Cincinnati 0
BOTTOM OF THE 5TH
Cincinnati Pride batting - Pitching for Wisconsin Rapids Rangers : RHP Juan Contreras
Batting: RHB Elliott Horn 0-0: Ball
1-0: Ball
2-0: Foul Ball, location: 2F
2-1: Ball
3-1: Base on Balls
Batting: SHB Jaime Martínez 0-0: Called Strike
0-1: Called Strike
0-2: Ball
1-2: Foul Ball, location: 2F
1-2: Strikes out looking
Batting: RHB Jorge Flores 0-0: Swinging Strike
0-1: Ball
1-1: DOUBLE (Flyball, 78M)
Elliott Horn to third
Batting: RHB Roger Rush 0-0: Ball
1-0: SINGLE (Groundball, 56D)
Elliott Horn scores
Jorge Flores to third
Runner from 3rd tries for Home, SAFE, throw made home
Roger Rush to second
Batting: RHB José Antonio Delgado 0-0: Called Strike
Roger Rush is caught stealing 3rd base
0-1: Foul Ball, location: 2F
0-2: Ball
1-2: Ball
2-2: Ground out 6-3 (Groundball, 56)
Bottom of the 5th over - 2 run(s), 2 hit(s), 0 error(s), 0 left on base; Wisconsin Rapids 7 - Cincinnati 2
TOP OF THE 6TH
Wisconsin Rapids Rangers batting - Pitching for Cincinnati Pride : RHP Basilio Bea
Batting: LHB Ralph Cobb 0-0: Foul Ball, location: 2F
0-1: Foul Ball, location: 2F
0-2: Ball
1-2: Strikes out swinging
Batting: RHB Eric Thompson 0-0: Ball
1-0: Foul Ball, location: 2F
1-1: Fly out, F9 (Flyball, 89M)
Batting: LHB Ramón Córdova 0-0: Called Strike
0-1: Foul Ball, location: 2F
0-2: Foul Ball, location: 2F
0-2: Ball
1-2: Ball
2-2: Foul Ball, location: 2F
2-2: Ball
3-2: Foul Ball, location: 2F
3-2: Foul Ball, location: 2F
3-2: Foul Ball, location: 2F
3-2: Fly out, F9 (Flyball, 9S)
Top of the 6th over - 0 run(s), 0 hit(s), 0 error(s), 0 left on base; Wisconsin Rapids 7 - Cincinnati 2
BOTTOM OF THE 6TH
Cincinnati Pride batting - Pitching for Wisconsin Rapids Rangers : RHP Juan Contreras
Pitching: LHP Sam Olson
Batting: RHB Keith Sheehan 0-0: Called Strike
0-1: Ball
1-1: Fly out, F9 (Flyball, 9LS)
Batting: RHB Gary Miller 0-0: Ball
1-0: Swinging Strike
1-1: Ball
2-1: Fly out, F9 (Flyball, 9LSF)
Batting: RHB Francis Land 0-0: Swinging Strike
0-1: Ball
1-1: Ball
2-1: Swinging Strike
2-2: Strikes out swinging
Bottom of the 6th over - 0 run(s), 0 hit(s), 0 error(s), 0 left on base; Wisconsin Rapids 7 - Cincinnati 2
TOP OF THE 7TH
Wisconsin Rapids Rangers batting - Pitching for Cincinnati Pride : RHP Basilio Bea
Batting: RHB Jesús Cabrera 0-0: Called Strike
0-1: Foul Ball, location: 2F
0-2: Ball
1-2: Fly out, F1 (Line Drive, 13)
Batting: LHB Jeff Forsyth 0-0: SINGLE (Flyball, 7S)
Batting: LHB Luis Rodríguez 0-0: Called Strike
0-1: Called Strike
0-2: SINGLE (Line Drive, 89S)
Jeff Forsyth to second
Batting: RHB Aurelio Cruz 0-0: Ball
1-0: Ball
2-0: Ball
3-0: Called Strike
3-1: Foul Ball, location: 2F
3-2: Foul Ball, location: 2F
3-2: Fly out, F4 (Line Drive, 4)
Batting: RHB António Martínez 0-0: Ball
1-0: Called Strike
1-1: Foul Ball, location: 2F
1-2: DOUBLE (Line Drive, 78XD)
Jeff Forsyth scores
Luis Rodríguez to third
Runner from 3rd tries for Home, SAFE, throw made home
Batting: RHB Miguel Toro 0-0: Ball
1-0: Called Strike
1-1: Called Strike
1-2: Ball
2-2: Ball
3-2: Ground out 5-3 (Groundball, 56S)
Top of the 7th over - 2 run(s), 3 hit(s), 0 error(s), 1 left on base; Wisconsin Rapids 9 - Cincinnati 2
BOTTOM OF THE 7TH
Cincinnati Pride batting - Pitching for Wisconsin Rapids Rangers : LHP Sam Olson
Now at SS: José González
Batting: RHB Dave Crawford 0-0: Called Strike
0-1: Called Strike
0-2: Strikes out swinging
Batting: RHB Elliott Horn 0-0: Ball
1-0: Swinging Strike
1-1: Fly out, F7 (Flyball, 7LM)
Batting: SHB Jaime Martínez 0-0: Ball
1-0: Called Strike
1-1: Swinging Strike
1-2: Strikes out swinging
Bottom of the 7th over - 0 run(s), 0 hit(s), 0 error(s), 0 left on base; Wisconsin Rapids 9 - Cincinnati 2
TOP OF THE 8TH
Wisconsin Rapids Rangers batting - Pitching for Cincinnati Pride : RHP Basilio Bea
Pitching: RHP Pedro Ayala
Batting: LHB Ralph Cobb 0-0: Ball
1-0: Ball
2-0: Ball
3-0: Base on Balls
Batting: RHB Eric Thompson 0-0: Ball
1-0: Ball
2-0: SINGLE (Line Drive, 4MD)
Ralph Cobb to second
Batting: LHB Ramón Córdova 0-0: Foul Ball, location: 2F
0-1: Ball
1-1: Foul Ball, location: 2F
1-2: 3-RUN HOME RUN (Flyball, 89XD), Distance : 435 ft
Pitching: LHP Jon Bridges
Batting: RHB Jesús Cabrera 0-0: Fly out, F8 (Flyball, 8LS)
Batting: LHB Jeff Forsyth 0-0: Ball
1-0: Ball
2-0: Ball
3-0: Base on Balls
Batting: LHB Luis Rodríguez 0-0: Ball
1-0: Called Strike
1-1: Ball
2-1: Grounds into double play, 4-6-3 (Groundball, 34)
Top of the 8th over - 3 run(s), 2 hit(s), 0 error(s), 0 left on base; Wisconsin Rapids 12 - Cincinnati 2
BOTTOM OF THE 8TH
Cincinnati Pride batting - Pitching for Wisconsin Rapids Rangers : LHP Sam Olson
Batting: RHB Jorge Flores 0-0: Ball
1-0: Swinging Strike
1-1: Ball
2-1: Swinging Strike
2-2: Ball
3-2: SINGLE (Flyball, 8LS)
Batting: RHB Roger Rush 0-0: Ball
1-0: Called Strike
1-1: Swinging Strike
1-2: Foul Ball, location: 2F
1-2: Strikes out swinging
Batting: RHB José Antonio Delgado 0-0: Ball
1-0: Ball
2-0: Ground out 5-3 (Groundball, 56S)
Jorge Flores to second
Batting: RHB Keith Sheehan 0-0: Called Strike
0-1: Called Strike
0-2: Strikes out swinging
Bottom of the 8th over - 0 run(s), 1 hit(s), 0 error(s), 1 left on base; Wisconsin Rapids 12 - Cincinnati 2
TOP OF THE 9TH
Wisconsin Rapids Rangers batting - Pitching for Cincinnati Pride : LHP Jon Bridges
Batting: RHB Aurelio Cruz 0-0: Called Strike
0-1: Ball
1-1: Foul Ball, location: 2F
1-2: Foul Ball, location: 2F
1-2: Ball
2-2: SINGLE (Line Drive, 8RS)
Batting: RHB António Martínez 0-0: Ball
Aurelio Cruz steals 2nd base
1-0: Ball
2-0: Called Strike
2-1: Foul Ball, location: 2F
2-2: Ball
3-2: Base on Balls
Batting: SHB José González 0-0: Foul Ball, location: 2F
0-1: Swinging Strike
0-2: Ball
1-2: Strikes out swinging
Batting: LHB Ralph Cobb 0-0: Called Strike
0-1: Fly out, F9 (Flyball, 9LM)
Batting: RHB Eric Thompson 0-0: Swinging Strike
0-1: Called Strike
0-2: DOUBLE (Groundball, 5L)
Aurelio Cruz scores
António Martínez to third
Batting: LHB Ramón Córdova 0-0: Called Strike
0-1: Foul Ball, location: 2F
0-2: Ball
1-2: Foul Ball, location: 2F
1-2: Strikes out looking
Top of the 9th over - 1 run(s), 2 hit(s), 0 error(s), 2 left on base; Wisconsin Rapids 13 - Cincinnati 2
BOTTOM OF THE 9TH
Cincinnati Pride batting - Pitching for Wisconsin Rapids Rangers : LHP Sam Olson
Batting: RHB Gary Miller 0-0: Swinging Strike
0-1: Swinging Strike
0-2: Strikes out swinging
Batting: RHB Francis Land 0-0: Fly out, F2 (Popup, 23)
Pinch Hitting: RHB Orlando González 0-0: Called Strike
0-1: Ball
1-1: Ground out 5-3 (Groundball, 56)
Bottom of the 9th over - 0 run(s), 0 hit(s), 0 error(s), 0 left on base; Wisconsin Rapids 13 - Cincinnati 2
Thursday, March 30th, 2017 - OOTP Baseball 17.12 Build 75